 Dungeon Crawl Stone Soup version 0.31-a0-152-g6aa68a64a1 (webtiles) character file.

Game seed: 1932102567811667587

38 qw the Shooter (level 3, 0/21 HPs)
             Began as a Gargoyle Hunter on June 8, 2023.
             Slain by Pargi (4 damage)
             ... on level 3 of the Dungeon.
             The game lasted 00:00:31 (1363 turns).

qw the Shooter (Gargoyle Hunter)                    Turns: 1363, Time: 00:00:31

Health: 0/21       AC:  8    Str: 14    XL:     3   Next: 43%
Magic:  3/3        EV: 10    Int:  9    God:
Gold:   76         SH:  0    Dex: 15    Spells: 2/2 levels left

rFire   . . .        Y - +0 shortbow
rCold   . . .        (shield currently unavailable)
rNeg    + . .        f - +0 ring mail
rPois   inf          (no helmet)
rElec   +            (no cloak)
rCorr   .            (no gloves)
SInv    +            (no boots)
Will    .....        (no amulet)
Stlth   +            h - ring of see invisible
HPRegen 0.23/turn    (no ring)
MPRegen 0.08/turn

%: no passive effects
@: no status effects
A: sickness immunity, AC +3, negative energy resistance 1, electricity
resistance, torment resistance 1, petrification resistance
a: no special abilities


You were on level 3 of the Dungeon.
You visited 1 branch of the dungeon, and saw 3 of its levels.

You collected 76 gold pieces.


Innate Abilities, Weirdness & Mutations

You are immune to sickness and miasma.
Your stone body is resilient. (AC +3)
You are immune to poison.
You resist negative energy. (rN+)
You are resistant to electric shocks. (rElec)
You are resistant to unholy torment.
You are immune to petrification.


   Skills:
 - Level 2.1 Fighting
 + Level 4.9 Ranged Weapons
 - Level 1.2 Armour
 - Level 1.5 Dodging
 - Level 1.1 Stealth


You had 2 spell levels left.
You didn't know any spells.
Your spell library was empty.

Inventory:

Hand Weapons
 Y - a +0 shortbow (weapon)
Armour
 f - a +0 ring mail (worn)
Jewellery
 h - a ring of see invisible (left hand)
Scrolls
 a - a scroll of fear {unknown}
Potions
 b - 2 potions of heal wounds {unknown}
 c - a potion of degeneration {unknown}
 g - a potion of might {unknown}
 i - a potion of lignification {unknown}

Dungeon Overview and Level Annotations

Branches:
Dungeon (3/15)

Altars:
Trog

Annotations:
D:3 Pargi


Message History

You shoot an arrow.
The arrow hits Pargi but does no damage.
Pargi is lightly wounded.
You shoot an arrow. The arrow closely misses Pargi.
Pargi barely misses you. Pargi claws you but does no damage. Pargi claws you.
You shoot an arrow. The arrow misses Pargi.
Pargi barely misses you. x2; Pargi claws you but does no damage.
You shoot an arrow. The arrow hits Pargi.
Pargi is lightly wounded.
Pargi closely misses you. Pargi barely misses you.
Pargi claws you but does no damage. Pargi bites you but does no damage.
Pargi claws you but does no damage. x2
You shoot an arrow. The arrow hits Pargi.
Pargi is moderately wounded.
Pargi completely misses you. Pargi barely misses you.
Pargi claws you but does no damage.
You shoot an arrow. The arrow closely misses Pargi.
Pargi bites you. Pargi barely misses you. Pargi claws you but does no damage.
You shoot an arrow. The arrow hits Pargi.
Pargi is moderately wounded.
Pargi bites you. Pargi closely misses you. Pargi claws you but does no damage.
Pargi bites you but does no damage. Pargi claws you. x2
You shoot an arrow. The arrow barely misses Pargi.
Pargi completely misses you. Pargi closely misses you.
Pargi claws you but does no damage.
You shoot an arrow. The arrow closely misses Pargi.
Pargi barely misses you. x2; Pargi claws you.
You shoot an arrow.
The arrow hits Pargi but does no damage.
Pargi is lightly wounded.
Pargi bites you but does no damage. Pargi closely misses you.
Pargi claws you but does no damage.
You shoot an arrow. The arrow barely misses Pargi.
Pargi bites you. Pargi claws you but does no damage. Pargi closely misses you.
Pargi bites you. Pargi claws you but does no damage. x2
You shoot an arrow. The arrow closely misses Pargi.
Pargi bites you. Pargi claws you but does no damage. Pargi closely misses you.
You shoot an arrow. The arrow closely misses Pargi.
Pargi bites you.
You die...

#.###..............####
#.........>#####...#
######....## #####
#.#### #.# #.# #.# #.##
#@T# #¤...# ¤.¤.¤...#
~¤~~~¤¤..# ..¤~~¤¤¤~..
..8....¤¤~.#
#....~~~¤¤~.#
#..~~¤~~¤~..#


You could see Pargi.

Vanquished Creatures
  An adder (D:1)
  2 worms (D:2)
  A dart slug (D:1)
  An endoplasm (D:3)
  A giant cockroach (D:3)
  A goblin (D:1)
  2 hobgoblins
  3 quokkas
  4 ball pythons
  4 bats
  A kobold (D:1)
  3 rats (D:1)
24 creatures vanquished.

Notes
Turn   | Place    | Note
-------+----------+-------------------------------------------
     0 | D:1      | qw the Gargoyle Hunter began the quest for the Orb.
     0 | D:1      | Reached XP level 1. HP: 12/12 MP: 1/1
     0 | D:1      | 0 ||| qw: Version: 0.2-a-120-gdf1a93b
     0 | D:1      | 0 ||| qw: Game counter: 3152
     0 | D:1      | 0 ||| qw: Always use a shield: true
     0 | D:1      | 0 ||| qw: God list: Okawaru
     0 | D:1      | 0 ||| qw: Allow faded altars: false
     0 | D:1      | 0 ||| qw: Do Orc after D:15 true
     0 | D:1      | 0 ||| qw: Do second Lair branch before Depths: true
     0 | D:1      | 0 ||| qw: Lair rune preference: random
     0 | D:1      | 0 ||| qw: Plans: Normal
     0 | D:1      | 0 ||| PLANNING D:1-11
   467 | D:1      | Reached XP level 2. HP: 17/17 MP: 2/2
   512 | D:1      | 512 ||| FLEEEEING.
   933 | D:1      | 933 ||| UPGRADING to +0 ring mail.
   943 | D:1      | 943 ||| DROPPING +0 leather armour.
   944 | D:1      | 944 ||| DROPPING ring of wizardry.
   945 | D:1      | 945 ||| UPGRADING to ring of see invisible.
   946 | D:1      | 946 ||| READING scroll labelled ESHATU UNLIEME.
   947 | D:1      | 947 ||| DROPPING scroll of butterflies.
   976 | D:2      | 976 ||| STAIRDANCE
   985 | D:1      | Reached skill level 1 in Armour
   985 | D:1      | Reached XP level 3. HP: 13/21 MP: 3/3
  1143 | D:2      | You fall into a shaft and drop 1 floor!
  1144 | D:3      | 1144 ||| PLANNING SEWER
  1342 | D:3      | Found a bloodstained altar of Trog.
  1346 | D:3      | Noticed Pargi
  1362 | D:3      | HP: 4/21 [Pargi (4)]
  1363 | D:3      | Slain by Pargi

Levels and vault maps discovered:
D:1:      minmay_arrival_loop, layout_basic
D:2:      layout_basic, basic_altar, minmay_pentomino_z4, uniq_terence,
          uniq_natasha
D:3:      layout_loops_ring, mainiacjoe_overflow_catwalk, gup_sewer_entry_glass,
          chequers_ecumenical_altar_simple_redux, kennysheep_generic_room_15,
          uniq_pargi

Skill      XL: |  1  2 |
---------------+-------+-----
Armour         | 1 |  1.2
Fighting       | |  2.1
Ranged Weapons | |  4.9
Dodging        | |  1.5
Stealth        | |  1.1

Action                     || total
---------------------------++-------
   Fire: Shortbow          ||   126
    Use: Scroll            ||     1
 Armour: Leather armour    ||     9
         Ring mail         ||    32
  Dodge: Dodged            ||    52

Table legend:
 A = Non-vault XP
 B = Vault XP
 C = Vault XP percentage of total XP
 D = Non-vault monster count
 E = Vault monster count
 F = Vault count percentage of total count
                 A         B        C        D         E       F
            +---------+---------+-------+---------+---------+-------
      Total |      55 |       0 |   0.0 |      24 |       0 |   0.0
            +---------+---------+-------+---------+---------+-------
        D:1 |      34 |       0 |   0.0 |      14 |       0 |   0.0
        D:2 |      11 |       0 |   0.0 |       3 |       0 |   0.0
        D:3 |      10 |       0 |   0.0 |       7 |       0 |   0.0
            +---------+---------+-------+---------+---------+-------
